 Dungeon Crawl Stone Soup version 0.28-b1-25-g9875b3fc8c (webtiles) character file.

Game seed: 7455436749299340653

935 tizbic2 the Ducker (level 7, -7/52 HPs)
             Began as a Demonspawn Hunter on Feb 2, 2022.
             Succumbed to croobank's ghost's poison
             ... on level 5 of the Dungeon.
             The game lasted 00:39:12 (7236 turns).

tizbic2 the Ducker (Demonspawn Hunter)              Turns: 7236, Time: 00:39:13

Health: -7/52      AC:  7    Str: 14    XL:     7   Next: 87%
Magic:  7/7        EV: 12    Int: 12    God:
Gold:   261        SH:  0    Dex: 14    Spells: 6/6 levels left

rFire   . . .      SeeInvis .   w - +3 dagger (freeze)
rCold   . . .      Faith    .   (no shield)
rNeg    + . .      Spirit   .   v - +0 ring mail
rPois   .          Reflect  .   (no helmet)
rElec   .          Harm     .   (no cloak)
rCorr   .          Rampage  .   (no gloves)
Will    .....                   (no boots)
Stlth   +.........              (no amulet)
HPRegen 0.17/turn               y - ring of positive energy
MPRegen 0.10/turn               (no ring)

@: lethally poisoned (-7 -> -45), slowed, very slow
A: slimy green scales 1, powered by pain 1, weakness stinger 2
a: no special abilities


You were on level 5 of the Dungeon.
You visited 1 branch of the dungeon, and saw 5 of its levels.

You collected 261 gold pieces.

Inventory:

Hand Weapons
 a - a +1 hunting sling
 e - a +3 vampiric short sword
 q - a +0 hand crossbow
 w - a +3 dagger of freezing (weapon)
Missiles
 c - a throwing net (quivered)
 d - 63 sling bullets
 h - 51 stones
 n - 2 boomerangs
 r - 39 bolts
Armour
 j - a +0 scale mail
 v - a +0 ring mail (worn)
Jewellery
 y - a ring of positive energy (left hand)
Wands
 l - a wand of flame (18)
Scrolls
 m - 2 scrolls of fear
 p - a scroll of enchant armour
 s - a scroll of fog
 u - a scroll of silence {unknown}
Potions
 b - 2 potions of curing
 f - 2 potions of degeneration {unknown}
 g - 2 potions of flight {unknown}
 i - 2 potions of mutation {unknown}
 t - 2 potions of heal wounds {unknown}
 x - 2 potions of attraction {unknown}
 z - a potion of resistance {unknown}


   Skills:
 - Level 3.3 Fighting
 - Level 1.0(2.0) Short Blades
 + Level 2.7(2.8) Long Blades
 - Level 4.0(4.1) Slings
 * Level 4.0 Crossbows
 - Level 1.5(3.0) Throwing
 * Level 5.2 Dodging
 - Level 0.8 Stealth
 + Level 0.0 Unarmed Combat


You had 6 spell levels left.
You didn't know any spells.
Your spell library contained the following spells:

 Spells                   Type           Power      Damage    Failure   Level
 Freeze                   Ice            0%         1d3       56%         1
 Frozen Ramparts          Ice            0%         1d2       90%         3
 Hailstorm                Conj/Ice       0%         3d3       100%        4


Dungeon Overview and Level Annotations

Branches:
Dungeon (5/15)
 Temple: D:4-7

Altars:

Annotations:
D:3 3 runed translucent doors, GilGalad's ghost, amateur MiFi
D:5 croobank's ghost, amateur DrWz


Innate Abilities, Weirdness & Mutations

You are partially covered in slimy green scales. (AC +2)
You sometimes gain a little power by taking damage.
You have a tail ending in a sharp stinger.


Message History

Your tail-slap misses croobank's ghost.
Croobank's ghost is lightly damaged.
You feel very sick.
Croobank's ghost hits you but does no damage.
You are more poisoned.
You hit croobank's ghost. You freeze croobank's ghost.
Your tail-slap misses croobank's ghost.
Croobank's ghost is moderately damaged.
You feel very sick. Croobank's ghost casts a spell at you.
You feel as though you will be slow longer.
Croobank's ghost hits you but does no damage.
You are more poisoned.
You hit croobank's ghost but do no damage.
Your tail-slap misses croobank's ghost.
Croobank's ghost is moderately damaged.
You feel very sick.
Croobank's ghost hits you but does no damage.
You are more poisoned.
You closely miss croobank's ghost.
You tail-slap croobank's ghost, but do no damage.
Croobank's ghost is moderately damaged.
You feel extremely sick. Croobank's ghost hits you.
You are lethally poisoned!
You hit croobank's ghost but do no damage.
Croobank's ghost is moderately damaged.
You feel extremely sick. Croobank's ghost closely misses you.
Croobank's ghost hits you but does no damage.
You are more poisoned.
You hit croobank's ghost but do no damage.
Your tail-slap misses croobank's ghost.
Croobank's ghost is moderately damaged.
* * * LOW HITPOINT WARNING * * *
You feel extremely sick. Croobank's ghost hits you.
* * * LOW HITPOINT WARNING * * *
You are more poisoned.
You die...

#.#............##
#.####.###
#.##..#......#..#
#.# #.#
#..#.....(......##
#.# #.#
##.#.......(.....#
#.# #.#
#.#..#.....(#...#
#.# #.#
##.##........(...#
#.#
##..##(..#..#..W.##
##.##
#...##.........#.#
#...#
#...##.##....##@.#
#.#.#
##W###.########.##
#...#
#.≈.##.#######..#
##.#####
#.≈.#...)..<...##
#.....#
#.≈.##.#######.#
##.###Z####
#.≈.##.# #.#
##...##.....
#.$.##.# #.#
#...........
######.# #.#
#....######. ##.#
#.# #......## #.


There were no monsters in sight!

Vanquished Creatures
  A black bear (D:5)
  An ogre (D:5)
  A necrophage (D:5)
  A wyvern zombie (D:5)
  2 scorpions
  A hound (D:5)
  2 centaur skeletons (D:5)
  An orc priest (D:2)
  A jelly (D:4)
  A bullfrog skeleton (D:4)
  A gnoll shaman (D:3)
  3 orc wizards
  A hound skeleton (D:4)
  4 adders
  4 gnolls (D:3)
  An adder zombie (D:5)
  5 worms
  An adder skeleton (D:4)
  A dart slug (D:2)
  14 orcs
  9 endoplasms
  5 giant cockroaches
  17 goblins
  8 hobgoblins
  6 jackals
  A quokka (D:1)
  5 ball pythons
  5 bats
  A frilled lizard (D:1)
  2 kobolds
  4 rats
110 creatures vanquished.

Vanquished Creatures (others)
  3 fungi (D:3)
  A plant (D:3)
4 creatures vanquished.

Grand Total: 114 creatures vanquished

Notes
Turn   | Place    | Note
-------+----------+-------------------------------------------
     0 | D:1      | tizbic2 the Demonspawn Hunter began the quest for the Orb.
     0 | D:1      | Reached XP level 1. HP: 16/16 MP: 1/1
   137 | D:1      | Reached skill level 2 in Dodging
   222 | D:1      | Gained mutation: You sometimes gain a little power by
                  | taking damage. [demonic ancestry]
   222 | D:1      | Reached XP level 2. HP: 22/22 MP: 2/2
  1092 | D:2      | Gained mutation: You have a small tail. [demonic ancestry]
  1092 | D:2      | Reached XP level 3. HP: 28/28 MP: 3/3
  1193 | D:2      | Reached skill level 1 in Throwing
  1663 | D:2      | Reached XP level 4. HP: 34/34 MP: 4/4
  2227 | D:3      | Found a faded altar of an unknown god.
  2767 | D:3      | Reached skill level 1 in Short Blades
  2767 | D:3      | Reached XP level 5. HP: 35/41 MP: 5/5
  2973 | D:3      | Found a runed translucent gate.
  2974 | D:3      | Found a runed translucent gate.
  2975 | D:3      | Found a runed translucent gate.
  2977 | D:3      | Noticed GilGalad's ghost (amateur MiFi)
  3765 | D:3      | Reached skill level 3 in Dodging
  4014 | D:3      | Reached skill level 1 in Crossbows
  4606 | D:4      | Reached skill level 1 in Long Blades
  4678 | D:4      | Gained mutation: You have a tail ending in a sharp stinger.
                  | [demonic ancestry]
  4678 | D:4      | Reached XP level 6. HP: 42/47 MP: 6/6
  4963 | D:4      | Reached skill level 4 in Dodging
  5800 | D:5      | Entered Level 5 of the Dungeon
  5850 | D:5      | Gained mutation: You are partially covered in slimy green
                  | scales. (AC +2) [demonic ancestry]
  5850 | D:5      | Reached XP level 7. HP: 48/52 MP: 7/7
  6457 | D:5      | Reached skill level 5 in Dodging
  6839 | D:5      | Found a runed translucent door.
  6844 | D:5      | Noticed croobank's ghost (amateur DrWz)
  7236 | D:5      | Succumbed to croobank's ghost's poison

Illustrated notes

Levels and vault maps discovered:
D:1:      erik_arrival_cave_to_civilisation [erik_arrival_cave_to_hall],
          layout_basic, minmay_misc_feat_roman
D:2:      layout_basic
D:3:      layout_loops_corners, gammafunk_ghost_nasty_kobolds,
          shapermc_ecumenical_altar_notcrosses
D:4:      cheibrodos_greedy_goblins, layout_rooms, serial_corexii_hall,
          corexii_hall_statues_t, corexii_hall_statues_u,
          chequers_hall_statues_y
D:5:      layout_loops_ring, ebering_ghost_reflecting_pool,
          minmay_misc_feat_plants

Skill      XL: |  1  2  3  4  5  6  7 |
---------------+----------------------+-----
Dodging        | 2 3 4 5 |  5.2
Throwing       | 1 |  1.5
Fighting       | 3 |  3.3
Short Blades   | 1 |  1.0
Slings         | 4 |  4.0
Crossbows      | 1 2 4 |  4.0
Long Blades    | 1 2 |  2.7
Stealth        | |  0.8

Action                   |  1- 3 |  4- 6 |  7- 9 || total
-------------------------+-------+-------+-------++-------
Melee: Short sword       |    18 |     8 |    42 ||    68
       Dagger            |    38 |   127 |    21 ||   186
       Tailslap          |     2 |    25 |    12 ||    39
       Punch             |       |     3 |     2 ||     5
 Fire: Hunting sling     |    54 |    28 |       ||    82
       Hand crossbow     |       |    42 |    18 ||    60
  Use: Scroll            |     1 |     4 |     1 ||     6
       Potion            |       |     3 |     3 ||     6
Armor: Scale mail        |    28 |    69 |    33 ||   130
       Leather armour    |     3 |       |       ||     3
       Ring mail         |       |       |     9 ||     9
Dodge: Dodged            |    37 |    79 |    44 ||   160
